 Dungeon Crawl Stone Soup version 0.25.1-1-g288607f (webtiles) character file.

Game seed: 3147782508588245494

107 araganzar the Covered (level 4, -7/39 HPs)
             Began as a Minotaur Abyssal Knight on Dec 3, 2020.
             Was a Believer of Lugonu.
             Mangled by a gnoll
             ... wielding a +0 flail
              (10 damage)
             ... on level 2 of the Dungeon.
             The game lasted 00:01:59 (1212 turns).

araganzar the Covered (Minotaur Abyssal Knight)     Turns: 1212, Time: 00:02:00

Health: -7/39      AC:  7    Str: 18    XL:     4   Next: 57%
Magic:  4/4        EV: 10    Int:  9    God:    Lugonu [**....]
Gold:   22         SH:  0    Dex:  9    Spells: 3/3 levels left

rFire    . . .     SeeInvis .   g - +2 whip (drain)
rCold    . . .     Gourm    .   (no shield)
rNeg     . . .     Faith    .   o - +0 scale mail
rPois    .         Spirit   .   (helmet restricted)
rElec    .         Reflect  .   (no cloak)
rCorr    .         Harm     .   (no gloves)
MR       .....                  (no boots)
Stlth    ..........             l - amulet of regeneration {+regen, !d}
HPRegen  0.53/turn              (no ring)
MPRegen  0.09/turn              (no ring)

@: no status effects
A: retaliatory headbutt, horns 2
a: Depart the Abyss, Bend Space, Renounce Religion


You were on level 2 of the Dungeon.
You worshipped Lugonu.
Lugonu was pleased with you.
You were not hungry.

You visited 1 branch of the dungeon, and saw 2 of its levels.
You visited the Abyss 1 time.

You collected 22 gold pieces.


Innate Abilities, Weirdness & Mutations

You reflexively headbutt those who attack you in melee.
You have a pair of horns on your head.


   Skills:
 - Level 3.6 Fighting
 + Level 4.4 Polearms
 + Level 4.5 Armour
 - Level 1.1 Dodging
 - Level 1.7 Invocations


You had 3 spell levels left.
You didn't know any spells.
Your spell library was empty.

Inventory:

Hand Weapons
 a - a +1 spear
 g - a +2 whip of draining (weapon)
   (You took it off a kobold on level 1 of the Dungeon)
 h - a +0 hunting sling
   (You found it on level 1 of the Dungeon)
Missiles
 e - 22 stones (quivered)
Armour
 o - a +0 scale mail (worn)
   (You found it on level 2 of the Dungeon)
Jewellery
 l - an amulet of regeneration (around neck) {+regen, !d}
   (You found it on level 1 of the Dungeon)
Scrolls
 d - 3 scrolls of identify {unknown}
 i - a scroll of fog {unknown}
Potions
 f - a potion of degeneration {unknown}
 j - a potion of curing {unknown}
 k - a potion of flight {unknown}
Comestibles
 c - 2 rations
 n - a chunk of flesh {@w0}

#.# ##..##.......#
###.#######......[...#
.........#####.......#
.........###..†......#
.....................#
#...........##...<...#
#....g....############
.....?.g..#
.....Sg@.!#
..<...w...#
.........(...
.#.........#...
##........# ..
#......... .
#........## ..<......#


You could see a worm (drained), 3 gnolls and an adder.


Message History

Found a stone staircase leading up.
A gnoll comes into view.
It is wielding a +0 flail and wearing a +2 ring mail of magic resistance.
The gnoll shouts!
The worm bites you!
Found a stone staircase leading up.
You take 7 damage, and have 32/39 hp.
You hit the worm. You drain the worm.
The gnoll throws a throwing net.
The throwing net hits you.
You become entangled in the net!
Unknown command.
Unknown command.
You struggle against the net.
An adder comes into view.
The worm bites you but does no damage. The gnoll hits you with a +0 flail!
You take 7 damage, and have 25/39 hp.
You struggle against the net.
The adder hisses angrily.
The gnoll hits you but does no damage. The worm bites you.
You take 6 damage, and have 19/39 hp.
You struggle against the net.
The gnoll barely misses you.
You struggle against the net.
The gnoll hits you from afar with a +0 halberd.
The gnoll barely misses you. The worm bites you.
You take 8 damage, and have 12/39 hp.
MASSIVE DAMAGE!!
You rip the net and break free!
The gnoll hits you from afar with a +0 halberd!
* * * LOW HITPOINT WARNING * * *
The gnoll closely misses you. You furiously retaliate!
You headbutt the gnoll! The gnoll hits you with a +0 flail!
You die...

Action                   |  1- 3 |  4- 6 || total
-------------------------+-------+-------++-------
Melee: Spear             |    20 |       ||    20
       Headbutt          |    13 |       ||    13
       Whip              |    62 |     1 ||    63
  Eat: Chunk             |     1 |       ||     1
Armor: Leather armour    |     8 |       ||     8
       Scale mail        |    20 |     2 ||    22
Dodge: Dodged            |    37 |     3 ||    40

Levels and vault maps discovered:
D:1:      dpeg_arrival_caged_fury, layout_basic,
          corexii_item_surrounded_by_moat, chequers_mini_garden
D:2:      layout_rooms, first_ration

Notes
Turn   | Place    | Note
-------+----------+-------------------------------------------
     0 | Abyss:1  | araganzar the Minotaur Abyssal Knight began the quest for
                  | the Orb.
     0 | Abyss:1  | Reached XP level 1. HP: 19/19 MP: 1/1
     9 | Abyss:1  | Noticed a small abomination
    14 | D:1      | Escaped the Abyss
    16 | D:1      | Found a runed translucent door.
   271 | D:1      | Reached XP level 2. HP: 20/26 MP: 2/2
   277 | D:1      | Reached skill level 3 in Polearms
   277 | D:1      | Reached skill level 3 in Armour
  1017 | D:1      | Reached XP level 3. HP: 30/31 MP: 3/3
  1024 | D:1      | Reached ** piety under Lugonu
  1103 | D:2      | Noticed a scorpion
  1107 | D:2      | Reached skill level 4 in Armour
  1114 | D:2      | Killed a scorpion
  1114 | D:2      | Reached skill level 4 in Polearms
  1114 | D:2      | Reached XP level 4. HP: 25/39 MP: 4/4
  1212 | D:2      | HP: 3/39 [gnoll/+0 halberd (10)]
  1212 | D:2      | Mangled by a gnoll

Vanquished Creatures
  A scorpion (D:2)
  5 oozes (D:1)
  3 dart slugs (D:1)
  4 bats
  7 giant cockroaches
  A hobgoblin (D:1)
  A jackal (D:1)
  A ball python (D:1)
  2 frilled lizards
  3 kobolds (D:1)
  6 rats (D:1)
34 creatures vanquished.
